 Dungeon Crawl Stone Soup version 0.24-a0-366-gc1c896e988 (webtiles) character file.

Game seed: 9494360602973464920

5588 D1HalberdGnoll the Carver (level 10, -9/83 HPs)
             Began as a Barachi Berserker on May 28, 2019.
             Was a Priest of Trog.
             Mangled by a two-headed ogre
             ... wielding a +0 giant club
              (18 damage)
             ... on level 9 of the Dungeon.
             The game lasted 00:11:27 (9269 turns).

D1HalberdGnoll the Carver (Barachi Berserker)       Turns: 9269, Time: 00:11:28

Health: -9/83      AC: 15    Str: 21    XL:     10   Next: 72%
Magic:  10/10      EV: 11    Int:  8    God:    Trog [***...]
Gold:   470        SH:  9    Dex: 12    Spells: 9/9 levels left

rFire    + . .     SeeInvis .   l - +2 dagger (venom)
rCold    . . .     Gourm    .   p - +0 shield
rNeg     . . .     Faith    .   B - +3 scale mail {rF+}
rPois    .         Spirit   .   I - +0 helmet
rElec    .         Reflect  .   f - +0 cloak
rCorr    .         Harm     .   y - +0 pair of gloves
MR       ++...                  (no boots)
Stlth    ..........             n - amulet of regeneration
HPRegen  0.63/turn              v - ring of protection from magic
MPRegen  0.12/turn              x - ring of protection from magic

@: slow
A: +LOS, swims, slowness 1, strong legs 1
a: Hop, Berserk, Trog's Hand, Renounce Religion


You were on level 9 of the Dungeon.
You worshipped Trog.
Trog was most pleased with you.
You were very hungry.

You visited 1 branch of the dungeon, and saw 9 of its levels.
You also visited: Sewer.

You collected 530 gold pieces.
You spent 60 gold pieces at shops.

Inventory:

Hand Weapons
 a - a +0 falchion
 l - a +2 dagger of venom (weapon)
Missiles
 H - a throwing net (quivered)
Armour
 f - a +0 cloak (worn)
 p - a +0 shield (worn)
 y - a +0 pair of gloves (worn)
 B - a +3 scale mail of fire resistance (worn)
 I - a +0 helmet (worn)
Jewellery
 n - an amulet of regeneration (around neck)
 r - an uncursed ring of positive energy {unknown}
 v - a ring of protection from magic (left hand)
 x - a ring of protection from magic (right hand)
 E - an uncursed amulet of rage {unknown}
Wands
 b - a wand of polymorph (12)
 q - a wand of clouds (5)
 w - a wand of random effects (36)
 A - a wand of acid (11)
Scrolls
 d - a scroll of fog
 g - 5 scrolls of teleportation
 i - 2 scrolls of remove curse
 j - a scroll of identify
 k - a scroll of blinking
 s - 2 scrolls of enchant armour
Potions
 e - a potion of might {unknown}
 h - a potion of invisibility {unknown}
 m - a potion of agility
 o - 2 potions of cancellation {unknown}
 t - 4 potions of flight
 u - a potion of haste {unknown}
 z - 2 potions of mutation
 C - 4 potions of curing
 D - a potion of heal wounds {unknown}
 F - a potion of lignification {unknown}
 G - a potion of magic {unknown}
Comestibles
 c - 13 rations


   Skills:
 + Level 9.0 Fighting
 * Level 12.0 Long Blades
 + Level 8.6 Armour
 + Level 7.9 Dodging
 + Level 2.8 Shields


You had 9 spell levels left.
You didn't know any spells.
Your spell library was empty.

Dungeon Overview and Level Annotations

Branches:
Dungeon (9/15)             Temple (0/1) D:6            Lair (0/6) D:9
    Orc: D:9-12

Altars:
Ashenzari
Elyvilon
Fedhas
Gozag
Hepliaklqana
Makhleb
Okawaru
Sif Muna
Wu Jian
Xom

Shops:
D:6 (!

Annotations:
D:4 2 runed translucent doors, M4edhros's ghost, novice OpAr
D:5 1 runed translucent door, firegrace's ghost, amateur TrFi


Innate Abilities, Weirdness & Mutations

Shadows flee at your approach. (+LOS)
You can swim through water.
You cover ground slowly.
You can hop short distances.


Message History

You hit the two-headed ogre but do no damage.
The two-headed ogre is heavily wounded.
The two-headed ogre hits you with a +0 giant club!
* * * LOW HITPOINT WARNING * * *
The two-headed ogre barely misses you.
You are too injured to fight recklessly!
You are too injured to fight recklessly!
You are too injured to fight recklessly!
The two-headed ogre hits you with a +0 giant club!
* * * LOW HITPOINT WARNING * * *
The two-headed ogre hits you with a +0 giant club!
* * * LOW HITPOINT WARNING * * *
You barely miss the two-headed ogre.
The two-headed ogre is severely wounded.
You are feeling very hungry.
The two-headed ogre closely misses you. You block the two-headed ogre's attack.
The two-headed ogre hits you with a +0 giant club!!
* * * LOW HITPOINT WARNING * * *
The two-headed ogre hits you with a +0 giant club!!
You die...

#.......##...###....#
#.......#...........#
#.......#...........#
#.......#...........#
#####'#############.#
#.......##...##. ##'#
#.........(..... #...
#............... #...
#...@........... #...
#...O..........# ####
#.............#
#.......##+####
#.......##..#
#...........#
#...........#
#...........#
#...........#


You could see a two-headed ogre.

Vanquished Creatures
  A two-headed ogre (D:8)
  Pikel (D:5)
  A komodo dragon (D:9)
  Grinder (D:5)
  A hippogriff (D:7)
  4 yaks (D:7)
  Eustachio (D:4)
  Duvessa (D:5)
  6 sky beasts
  An orc warrior (D:8)
  2 phantoms
  2 ice beasts
  A slave (D:6)
  4 ogres
  A centaur (D:7)
  A big kobold (Sewer)
  4 bullfrogs
  A wyvern zombie (D:7)
  Dowan (D:5)
  A scorpion (D:5)
  6 howler monkeys
  A crimson imp (D:9)
  A jelly (D:9)
  3 hounds
  A gnoll shaman (D:4)
  3 orc priests
  2 bullfrog skeletons
  3 orc wizards
  Natasha (thrice) (D:3)
  4 iguanas
  Ijyb (D:2)
  A worker ant (D:7)
  2 hound skeletons
  A howler monkey zombie (D:5)
  Robin (D:3)
  4 gnolls (D:4)
  5 adders
  2 river rats (Sewer)
  3 shadow imps
  3 oozes
  An adder skeleton (D:8)
  6 dart slugs
  5 leopard geckos
  16 orcs
  9 giant cockroaches
  24 goblins
  7 hobgoblins
  8 jackals
  11 kobolds
  2 quokkas (D:3)
  2 ball pythons
  7 bats
  3 frilled lizards
  A leopard gecko skeleton (D:6)
  A quokka skeleton (D:5)
  A quokka zombie (D:7)
  8 rats
198 creatures vanquished.

Vanquished Creatures (others)
  An orc priest (D:6)
  An orc wizard (D:6)
  An adder (D:6)
  A shadow imp (D:6)
  A leopard gecko (D:6)
  2 orcs (D:6)
  3 goblins (D:2)
  A kobold (Sewer)
  A plant (D:9)
12 creatures vanquished.

Grand Total: 210 creatures vanquished

Notes
Turn   | Place    | Note
-------+----------+-------------------------------------------
     0 | D:1      | D1HalberdGnoll the Barachi Berserker began the quest for
                  | the Orb.
     0 | D:1      | Reached XP level 1. HP: 18/18 MP: 1/1
    81 | D:1      | Reached XP level 2. HP: 25/25 MP: 2/2
   106 | D:1      | Reached skill level 4 in Long Blades
   826 | D:1      | Reached ** piety under Trog
   833 | D:1      | Reached XP level 3. HP: 29/30 MP: 3/3
  1129 | D:2      | You fall into a shaft and drop 2 floors!
  1129 | D:4      | Found a shattered altar of Ashenzari.
  1176 | D:4      | Noticed a phantom
  1306 | D:3      | Reached XP level 4. HP: 20/37 MP: 4/4
  1813 | D:3      | Noticed Robin
  1836 | D:3      | Killed Robin
  1847 | D:3      | Reached skill level 5 in Long Blades
  2341 | D:2      | Reached XP level 5. HP: 40/43 MP: 5/5
  2595 | D:2      | Noticed Ijyb
  2615 | D:2      | Killed Ijyb
  2737 | D:2      | Found a hazy altar of Hepliaklqana.
  2737 | D:2      | Found a burning altar of Makhleb.
  2779 | D:2      | Found a shimmering altar of Xom.
  3136 | D:3      | Noticed Natasha
  3138 | D:3      | Found an ornate altar of the Wu Jian Council.
  3138 | D:3      | Found a blossoming altar of Fedhas.
  3143 | D:3      | Killed Natasha
  3143 | D:3      | Reached *** piety under Trog
  3147 | D:3      | Noticed Natasha
  3156 | D:3      | Killed Natasha
  3178 | D:3      | Noticed Natasha
  3183 | D:3      | Killed Natasha
  3183 | D:3      | Reached XP level 6. HP: 45/49 MP: 6/6
  3214 | D:3      | Found a white marble altar of Elyvilon.
  3252 | D:3      | Found a faded altar of an unknown god.
  3464 | D:4      | Reached skill level 6 in Long Blades
  3471 | D:4      | Reached skill level 5 in Fighting
  3578 | D:4      | Found a large runed translucent door.
  3578 | D:4      | Found a large runed translucent door.
  3579 | D:4      | Noticed M4edhros's ghost (novice OpAr)
  3929 | D:4      | Noticed Eustachio
  3943 | D:4      | Killed Eustachio
  3943 | D:4      | Reached XP level 7. HP: 56/56 MP: 7/7
  4251 | D:4      | Reached skill level 7 in Long Blades
  4547 | D:5      | Entered Level 5 of the Dungeon
  4553 | D:5      | Noticed Duvessa
  4554 | D:5      | Noticed Dowan
  4569 | D:5      | Killed Duvessa
  4569 | D:5      | Reached skill level 5 in Armour
  4574 | D:5      | Killed Dowan
  4705 | D:5      | Noticed Grinder
  4713 | D:5      | Killed Grinder
  4713 | D:5      | Reached skill level 8 in Long Blades
  4713 | D:5      | Reached skill level 5 in Dodging
  4713 | D:5      | Reached XP level 8. HP: 64/64 MP: 8/8
  4937 | D:5      | Found a glowing drain.
  4941 | Sewer    | Entered a sewer
  5028 | Sewer    | Reached **** piety under Trog
  5060 | Sewer    | Found a white marble altar of Elyvilon.
  5279 | D:5      | Found a deep blue altar of Sif Muna.
  5431 | D:5      | Found a runed translucent door.
  5637 | D:5      | Noticed firegrace's ghost (amateur TrFi)
  5653 | D:6      | Noticed Pikel
  5676 | D:5      | Killed Pikel
  5676 | D:5      | Reached skill level 9 in Long Blades
  5676 | D:5      | Reached XP level 9. HP: 62/72 MP: 9/9
  5785 | D:6      | Found a staircase to the Ecumenical Temple.
  5923 | D:6      | Found an opulent altar of Gozag.
  5948 | D:6      | Found Plog's Weapon Shop.
  6129 | D:6      | Found Cyschepp's Distillery.
  6133 | D:6      | Bought a potion of curing for 45 gold pieces
  6157 | D:6      | Bought a potion of degeneration for 15 gold pieces
  6532 | D:7      | Reached skill level 10 in Long Blades
  7291 | D:7      | Reached skill level 11 in Long Blades
  7291 | D:7      | Reached XP level 10. HP: 53/80 MP: 10/10
  7945 | D:8      | Reached skill level 1 in Shields
  8073 | D:8      | Noticed a two-headed ogre
  8096 | D:8      | Killed a two-headed ogre
  8224 | D:8      | Found an iron altar of Okawaru.
  8855 | D:9      | Found a staircase to the Lair.
  9238 | D:9      | Reached skill level 12 in Long Blades
  9243 | D:9      | Noticed a two-headed ogre
  9269 | D:9      | Mangled by a two-headed ogre

Levels and vault maps discovered:
D:1:      tarquinn_simple_flora_water_f, layout_loops_cross
D:2:      kennysheep_the_goblin_king, layout_loops_ring,
          amethyst_overflow_temple_binary, xom_butterflies, minmay_tromino_v4_a
D:3:      kennysheep_goblin_castle, layout_rooms,
          gammafunk_temple_overflow_forgotten, chequers_ecumenical_altar_simple,
          corexii_corridor_pit, uniq_natasha
D:4:      layout_basic, nicolae_ashenzari_panopticon, serial_bayou,
          serial_bayou_lagoon_b, serial_bayou_crossing, serial_bayou_pond_b,
          serial_bayou_shore_b, ebering_ghost_disaster_area, first_ration,
          st_stairs_12, uniq_eustachio
D:5:      layout_loops_ring, lemuel_blue_sif_altar, ebering_ghost_sewer_d,
          gup_sewer_entry_spiral, kennysheep_potato, uniq_grinder, uniq_duvessa
D:6:      layout_gridville, kennysheep_mini, minmay_temple_entry_mini_moons,
          serial_shops, shop, shop, uniq_pikel
D:7:      layout_loops_ring
D:8:      layout_cave_pools, nicolae_overflow_hidden_temple
D:9:      layout_gridville, tgw_trog, david_lair_shrubbed, orc_0_dummy,
          grunt_ogre_cave, uniq_psyche

Skill      XL: |  1  2  3  4  5  6  7  8  9 10 |
---------------+-------------------------------+-----
Long Blades    | 4 5 6 8 9 11 12 | 12.0
Fighting       | 4 5 6 7 8 9 |  9.0
Armour         | 3 4 5 6 7 8 |  8.6
Dodging        | 3 4 5 7 |  7.9
Shields        | 2 |  2.8

Action                   |  1- 3 |  4- 6 |  7- 9 | 10-12 || total
-------------------------+-------+-------+-------+-------++-------
Melee: Falchion          |    29 |       |       |       ||    29
       Dagger            |    62 |   202 |   444 |   285 ||   993
       Unarmed           |       |     2 |       |       ||     2
Invok: Berserk           |       |     5 |     2 |     2 ||     9
       Trog's Hand       |       |     4 |     3 |     4 ||    11
 Abil: Hop               |       |     1 |     1 |       ||     2
Evoke: Wand              |       |     2 |     7 |     2 ||    11
  Use: Potion            |       |     1 |       |       ||     1
       Scroll            |       |     7 |     1 |     9 ||    17
 Stab: Sleeping          |     1 |       |       |       ||     1
       Confused          |       |     1 |       |       ||     1
       Paralysed         |       |       |     3 |       ||     3
  Eat: Chunk             |     2 |    13 |     8 |     8 ||    31
       Ration            |       |       |     2 |     1 ||     3
Armor: Animal skin       |    23 |    28 |       |       ||    51
       Ring mail         |       |     8 |       |       ||     8
       Chain mail        |       |    15 |    21 |       ||    36
       Scale mail        |       |       |   102 |    82 ||   184
Dodge: Dodged            |    68 |   134 |   126 |    94 ||   422
Block: Buckler           |       |    34 |   115 |    29 ||   178
       Reflection        |       |       |     6 |       ||     6
       Shield            |       |       |       |    38 ||    38
       Rpst.: Falchion   |     8 |       |       |       ||     8

Table legend:
 A = Non-vault XP
 B = Vault XP
 C = Vault XP percentage of total XP
 D = Non-vault monster count
 E = Vault monster count
 F = Vault count percentage of total count
                 A         B        C        D         E       F
            +---------+---------+-------+---------+---------+-------
      Total |    5790 |    2193 |  27.5 |     143 |      54 |  27.4
            +---------+---------+-------+---------+---------+-------
        D:1 |      47 |       0 |   0.0 |      22 |       0 |   0.0
        D:2 |      26 |      46 |  63.9 |      12 |       7 |  36.8
        D:3 |     124 |      97 |  43.9 |      18 |      21 |  53.8
        D:4 |     311 |     319 |  50.6 |      18 |       3 |  14.3
        D:5 |     312 |    1111 |  78.1 |      12 |      12 |  50.0
        D:6 |     678 |       0 |   0.0 |      15 |       0 |   0.0
        D:7 |    1745 |       0 |   0.0 |      15 |       0 |   0.0
        D:8 |    2031 |       0 |   0.0 |      21 |       0 |   0.0
        D:9 |     516 |     489 |  48.7 |      10 |       2 |  16.7
      Sewer |       0 |     131 | 100.0 |       0 |       9 | 100.0
            +---------+---------+-------+---------+---------+-------
